 Dungeon Crawl Stone Soup version 0.27-a0-1280-g9d2d252d84 (webtiles) character file.

Game seed: 15799309691061478455

3129 EiAlmux the Thaumaturge (level 9, -17/48 HPs)
             Began as a Deep Elf Conjurer on June 13, 2021.
             Was a Follower of Vehumet.
             Killed by the air
             ... invoked by Gastronok
              (30 damage)
             ... on level 8 of the Dungeon.
             The game lasted 00:19:52 (10164 turns).

EiAlmux the Thaumaturge (Deep Elf Conjurer)        Turns: 10164, Time: 00:19:52

Health: -17/48     AC:  3    Str:  4    XL:     9   Next: 61%
Magic:  3/25       EV: 12    Int: 27    God:    Vehumet [*.....]
Gold:   436        SH:  0    Dex: 13    Spells: 17/28 levels left

rFire    . . .     SeeInvis .   f - +1 dagger (venom)
rCold    + + .     Faith    .   (no shield)
rNeg     + . .     Spirit   .   s - +0 leather armour {rC+}
rPois    .         Reflect  .   (no helmet)
rElec    .         Harm     .   (no cloak)
rCorr    .         Rampage  .   (no gloves)
Will     .....                  (no boots)
Stlth    +++.......             (no amulet)
HPRegen  0.16/turn              a - ring of protection from cold
MPRegen  0.19/turn              i - ring of positive energy

@: studying Short Blades
A: no striking features
a: Renounce Religion


You were on level 8 of the Dungeon.
You worshipped Vehumet.
Vehumet was aware of your devotion.
You visited 2 branches of the dungeon, and saw 9 of its levels.

You collected 436 gold pieces.

Inventory:

Hand Weapons
 f - a +1 dagger of venom (weapon)
 v - a +2 vampiric morningstar
Missiles
 c - 210 stones
 p - a throwing net
Armour
 s - a +0 leather armour of cold resistance (worn)
Jewellery
 a - a ring of protection from cold (left hand)
 i - a ring of positive energy (right hand)
Wands
 d - a wand of mindburst (5)
 t - a wand of digging (3)
 y - a wand of iceblast (3)
Scrolls
 h - 4 scrolls of teleportation
 k - a scroll of amnesia {unknown}
 l - a scroll of fear {unknown}
 o - 2 scrolls of immolation {unknown}
 q - 2 scrolls of magic mapping {unknown}
 r - 3 scrolls of blinking {unknown}
 w - a scroll of fog {unknown}
 x - a scroll of summoning {unknown}
 z - a scroll of silence {unknown}
 A - a scroll of identify
Potions
 b - a potion of ambrosia
 e - a potion of brilliance
 g - 2 potions of attraction
 j - a potion of haste {unknown}
 m - a potion of resistance
 n - 2 potions of lignification {unknown}
 u - a potion of flight {unknown}


   Skills:
 - Level 2.0 Fighting
 - Level 5.0 Dodging
 - Level 5.0 Stealth
 + Level 3.1 Shields
 + Level 10.2 Spellcasting
 + Level 9.4 Conjurations
 - Level 5.0 Hexes
 + Level 1.6 Translocations


You had 17 spell levels left.
You knew the following spells:

 Your Spells              Type           Power      Damage    Failure   Level
a - Magic Dart            Conj           100%       1d8       1%          1
b - Searing Ray           Conj           100%       3d7       1%          2
c - Fulminant Prism       Conj/Hex       26%        3d14      3%          4
d - Iskenderun's Mystic   Conj/Tloc      43%        2d10      8%          4

Your spell library contained the following spells:

 Spells                   Type           Power      Damage    Failure   Level
 Sandblast                Erth           26%        2d8       8%          1
 Dazzling Flash           Conj/Hex       100%       N/A       1%          3
 Confusing Touch          Hex            40%        N/A       3%          3
 Freeze                   Ice            52%        1d7       8%          1
 Hailstorm                Conj/Ice       39%        3d9       11%         4
 Gell's Gravitas          Tloc           11%        N/A       12%         3
 Frozen Ramparts          Ice            26%        1d4       22%         3
 Ozocubu's Armour         Ice            13%        N/A       22%         3
 Petrify                  Tmut/Erth      13%        N/A       58%         4
 Metabolic Englaciation   Hex/Ice        13%        N/A       58%         5
 Yara's Violent Unravell  Hex/Tmut       13%        3d7       58%         5


Dungeon Overview and Level Annotations

Branches:
Dungeon (8/15)             Temple (1/1) D:6
   Lair: D:8-11

Altars:
Ashenzari
Cheibriados
Dithmenos
Elyvilon
Fedhas
Gozag
Hepliaklqana
Kikubaaqudgha
Makhleb
Qazlal
Sif Muna
Uskayaw
Vehumet
Wu Jian
Xom
Yredelemnul
Zin
The Shining One

Annotations:
D:5 Menkaure
D:6 exclusion: boulder beetle
D:8 Gastronok, Harold


Message History

Vehumet accepts your kill.
You feel your power returning.
The blast of energy engulfs Gastronok!!
Gastronok is heavily wounded.
Casting: Iskenderun's Mystic Blast (dangerous; 8% risk of failure)
Confirm with . or Enter, or press ? or * to list all spells.
You erupt in a blast of force!
The mystic blast hits Gastronok!
Gastronok is heavily wounded.
Gastronok is knocked back by the mystic blast.
Casting: Iskenderun's Mystic Blast (dangerous; 8% risk of failure)
Confirm with . or Enter, or press ? or * to list all spells.
Aiming: Fulminant Prism (dangerous; 3% risk of failure)
Press: ? - help, Dir - move target You conjure a prism of explosive energy!
A fulminant prism comes into view.
Your fulminant prism crackles loudly.
Casting: Fulminant Prism (dangerous; 3% risk of failure)
Confirm with . or Enter, or press ? or * to list all spells.
Aiming: Searing Ray (safe; 1% risk of failure)
Press: ? - help, Shift-Dir - straight line, f - Gastronok
Aim: Gastronok, wearing a +2 hat (heavily wounded, covering ground quickly, ally target, 100% to hit)
The searing ray hits Gastronok!
Gastronok is heavily wounded. (Press . to maintain the ray.)
Your fulminant prism explodes!
The blast of energy engulfs Gastronok!!
Gastronok is severely wounded.
You hear a howl!
The searing ray hits Gastronok!
Gastronok is severely wounded.
Gastronok waves his eye-stalks in wide circles.
The air twists around and strikes you!!
Ouch! That really hurt!
* * * LOW HITPOINT WARNING * * *
Casting: Searing Ray (safe; 1% risk of failure)
Confirm with . or Enter, or press ? or * to list all spells.
You don't have enough magic to cast this spell.
Gastronok waves his eye-stalks in wide circles.
The air twists around and strikes you!!
Ouch! That really hurt!
You die...

......# ##..#
......# #..####
......# ####.....#
......# #......#.#
......# #......#.#
......# #......#.#
.##########......#.#
.# .......).w..#.#
.# .......##..@..#
.# ....... #######
.# ..$.... .#
....... .# .......
## ....... # .......
# #


You could see Gastronok (swift).

Vanquished Creatures
  Prince Ribbit (D:5)
  A wyvern (D:8)
  3 yaks (D:4)
  4 necrophages
  3 ogres
  A centaur (D:8)
  3 bullfrogs
  A scorpion (D:6)
  4 water moccasin zombies
  A water moccasin skeleton (D:6)
  2 wyvern skeletons (D:7)
  A wight (D:6)
  2 centaur zombies
  A howler monkey (D:7)
  4 bullfrog zombies
  A hound (D:4)
  A human zombie (D:6)
  A jelly (D:7)
  A centaur skeleton (D:6)
  5 orc priests
  A bullfrog skeleton (D:6)
  4 iguanas
  2 killer bee zombies (D:8)
  2 mummies (D:6)
  2 howler monkey zombies (D:6)
  A howler monkey skeleton (D:5)
  6 gnolls
  8 adders
  4 river rats (D:7)
  A shadow imp (D:5)
  2 white imps (D:6)
  7 dart slugs
  15 orcs
  6 ball pythons
  4 endoplasms
  2 giant cockroaches
  9 goblins
  10 hobgoblins
  7 jackals
  5 quokkas
  5 bats
  4 frilled lizards
  8 kobolds
  6 rats
162 creatures vanquished.

Vanquished Creatures (others)
  4 fulminant prisms
  17 plants (D:7)
  7 toadstools (D:1)
28 creatures vanquished.

Grand Total: 190 creatures vanquished

Notes
Turn   | Place    | Note
-------+----------+-------------------------------------------
     0 | D:1      | EiAlmux the Deep Elf Conjurer began the quest for the Orb.
     0 | D:1      | Reached XP level 1. HP: 10/10 MP: 6/6
   242 | D:1      | Reached skill level 1 in Hexes
   248 | D:1      | Reached XP level 2. HP: 15/15 MP: 4/8
   285 | D:1      | Learned a level 2 spell: Searing Ray
   699 | D:1      | Found a faded altar of an unknown god.
   878 | D:2      | Reached XP level 3. HP: 19/19 MP: 6/10
  1827 | D:3      | Reached XP level 4. HP: 24/24 MP: 5/11
  1882 | D:2      | Reached skill level 4 in Spellcasting
  1883 | D:2      | Reached skill level 5 in Conjurations
  2568 | D:3      | Found a glowing golden altar of the Shining One.
  2596 | D:3      | Reached XP level 5. HP: 28/28 MP: 6/13
  3351 | D:4      | Noticed a necrophage
  3893 | D:4      | Noticed a yak
  3972 | D:4      | Noticed an ogre
  4102 | D:4      | Reached XP level 6. HP: 32/32 MP: 11/15
  4828 | D:4      | Reached skill level 5 in Spellcasting
  4835 | D:5      | Entered Level 5 of the Dungeon
  4964 | D:5      | Reached skill level 5 in Stealth
  5037 | D:5      | Learned a level 4 spell: Fulminant Prism
  5103 | D:5      | Noticed Prince Ribbit
  5122 | D:5      | Killed Prince Ribbit
  5123 | D:5      | Reached XP level 7. HP: 36/36 MP: 9/17
  5292 | D:5      | Noticed Menkaure
  5459 | D:5      | Reached skill level 6 in Spellcasting
  5459 | D:5      | Reached skill level 5 in Hexes
  5988 | D:6      | Found a staircase to the Ecumenical Temple.
  6116 | Temple   | Entered the Ecumenical Temple
  6123 | Temple   | Became a worshipper of Vehumet
  6595 | D:6      | Reached skill level 7 in Spellcasting
  6761 | D:6      | Reached XP level 8. HP: 39/41 MP: 17/20
  6917 | D:6      | Reached skill level 5 in Dodging
  7099 | D:6      | Noticed a boulder beetle
  7343 | D:6      | Reached skill level 8 in Spellcasting
  7430 | D:6      | Reached * piety under Vehumet
  7430 | D:6      | Offered knowledge of Sandblast by Vehumet.
  7455 | D:6      | Reached skill level 1 in Fighting
  7582 | D:6      | Found a basalt altar of Yredelemnul.
  8129 | D:6      | Reached skill level 9 in Spellcasting
  8376 | D:7      | Found a blossoming altar of Fedhas.
  8433 | D:7      | Reached XP level 9. HP: 48/48 MP: 18/24
  8502 | D:7      | Found a broken altar of Ashenzari.
  8509 | D:7      | Reached skill level 1 in Shields
  9264 | D:4      | Reached skill level 10 in Spellcasting
  9293 | D:4      | Learned a level 4 spell: Iskenderun's Mystic Blast
  9678 | D:8      | Reached skill level 1 in Translocations
  9899 | D:8      | Noticed Harold
 10150 | D:8      | Noticed Gastronok
 10164 | D:8      | Killed from afar by Gastronok

Illustrated notes

Levels and vault maps discovered:
D:1:      nagdon_arrival_zigzag_paths, layout_rooms,
          shapermc_ecumenical_altar_mp_highgroup
D:2:      layout_basic
D:3:      layout_basic, amcnicky_altar_gilded
D:4:      layout_loops_corners, kennysheep_windowed_goal
D:5:      kennysheep_six_static_rooms, layout_gridville, corexii_hall_statues_i,
          fountainhead, uniq_prince_ribbit1, uniq_menkaure, uniq_ijyb
D:6:      layout_layer_cave, lemuel_mausoleum_altar_yredelemnul,
          minmay_temple_entry_proselytizer, minmay_manual_macuahuitl
D:7:      wad_woods_stonehenge, layout_basic, fedhas_altar_fruit_tree,
          minmay_misc_feat_room
D:8:      layout_basic, general_overflow_altar, david_lair_shrubbed,
          uniq_gastronok, uniq_grum, uniq_harold
Temple:   nicolae_temple_no_exploring_needed

Skill      XL: |  1  2  3  4  5  6  7  8  9 |
---------------+----------------------------+-----
Hexes          | 1 2 3 4 5 |  5.0
Stealth        | 3 4 5 |  5.0
Spellcasting   | 4 5 7 9 10 | 10.2
Conjurations   | 5 6 8 9 |  9.4
Dodging        | 3 4 5 |  5.0
Fighting       | 2 |  2.0
Shields        | 3 |  3.1
Translocations | 1 |  1.6

Action                   |  1- 3 |  4- 6 |  7- 9 || total
-------------------------+-------+-------+-------++-------
Melee: Dagger            |     5 |       |       ||     5
Throw: Stone             |       |     3 |       ||     3
 Cast: Magic Dart        |    87 |   108 |    99 ||   294
       Searing Ray       |     3 |    11 |    54 ||    68
       Fulminant Prism   |       |       |     4 ||     4
       Iskenderun's Myst |       |       |     2 ||     2
  Use: Scroll            |     2 |     2 |     2 ||     6
Armor: Robe              |     1 |       |       ||     1
       Leather armour    |       |     2 |    12 ||    14
Dodge: Dodged            |    16 |    14 |    36 ||    66

Table legend: (Time is in decaauts)
 A = Elapsed time spent in this place.
 B = Non-inter-level travel time spent in this place.
 C = Inter-level travel time spent in this place.
 D = Time resting spent in this place.
 E = Time spent auto-exploring this place.
 F = Levels seen in this place.
 G = Mean time per level.
                   A        B        C        D        E       F      G
               +--------+--------+--------+--------+--------+-----+--------+
         Total |  10171 |   9510 |    661 |   1041 |   7418 |   9 | 1130.1 |
       Dungeon |  10156 |   9507 |    649 |   1041 |   7418 |   8 | 1269.5 |
        Temple |     14 |      2 |     12 |      0 |      0 |   1 |   14.0 |
               +--------+--------+--------+--------+--------+-----+--------+

Top non-repeatable levels by time:
     D:6: 2479 daAuts
     D:4: 1791 daAuts
     D:3: 1304 daAuts
     D:2: 1119 daAuts
     D:5: 1042 daAuts
     D:7: 1024 daAuts
     D:1: 873 daAuts
     D:8: 521 daAuts
  Temple: 14 daAuts
